 Dungeon Crawl Stone Soup version 0.26-a0-658-gbdda728c12 (webtiles) character file.

Game seed: 4660291396877297680

4589 jasper the Geomancer (level 10, -1/44 HPs)
             Began as a Spriggan Earth Elementalist on Oct 4, 2020.
             Was a Follower of Ashenzari.
             Slain by a centaur warrior (12 damage)
             ... on level 8 of the Dungeon.
             The game lasted 00:23:13 (11910 turns).

jasper the Geomancer (Spriggan Earth Elementalist) Turns: 11910, Time: 00:23:14

Health: -1/44      AC:  5    Str:  4    XL:     10   Next: 18%
Magic:  11/23      EV: 19    Int: 21    God:    Ashenzari [*.....]
Gold:   281        SH:  0    Dex: 16    Spells: 10/25 levels left

rFire    + + .     SeeInvis +   q - +0 dagger (venom)
rCold    . . .     Faith    .   (shield restricted)
rNeg     . . .     Spirit   .   A - +2 robe {MR+} (curse)
rPois    .         Reflect  .   (helmet restricted)
rElec    .         Harm     .   m - +0 cloak
rCorr    .         Rampage  .   (gloves unavailable)
MR       ++...                  (boots unavailable)
Stlth    +++.......             N - amulet of regeneration
HPRegen  0.54/turn              B - ring of protection from fire (curse)
MPRegen  0.18/turn              f - ring of protection from fire (curse)

@: lightly drained, very quick
A: very small, unfitting armour, see invisible, speed 3
a: Curse Item, Scrying, Renounce Religion


You were on level 8 of the Dungeon.
You worshipped Ashenzari.
Ashenzari was aware of your devotion.
You visited 2 branches of the dungeon, and saw 9 of its levels.

You collected 443 gold pieces.
You spent 162 gold pieces at shops.

Inventory:

Hand Weapons
 d - a +1 dagger of electrocution
 j - a +0 dagger
 q - a +0 dagger of venom (weapon)
Missiles
 b - 171 stones
 k - 98 arrows
 v - 7 poisoned darts (quivered)
Armour
 c - a +0 robe
 m - a +0 cloak (worn)
 A - a cursed +2 robe of magic resistance (worn)
 G - a scarf of harm
 H - a +0 buckler
 K - +0 steam dragon scales
Jewellery
 f - a cursed ring of protection from fire (right hand)
 w - an uncursed ring of flight
 B - a cursed ring of protection from fire (left hand)
 N - an amulet of regeneration (around neck)
Wands
 y - a wand of flame (19)
 D - a wand of enslavement (6)
 F - a wand of acid (5)
 J - a wand of polymorph (7)
Scrolls
 e - 2 scrolls of fog
 n - a scroll of immolation
 p - 3 scrolls of enchant weapon {unknown}
 r - 3 scrolls of teleportation {unknown}
 s - a scroll of enchant armour {unknown}
 u - 2 scrolls of fear {unknown}
 C - a scroll of amnesia {unknown}
 I - a scroll of magic mapping {unknown}
Potions
 a - a potion of mutation
 g - 3 potions of haste
 h - a potion of degeneration
 i - 2 potions of lignification
 l - 2 potions of heal wounds
 o - a potion of stabbing {unknown}
 t - a potion of berserk rage {unknown}
 x - a potion of magic {unknown}
 z - 4 potions of brilliance {unknown}
 L - a potion of curing
 M - a potion of might {unknown}
 O - a potion of flight {unknown}


   Skills:
 - Level 4.2(4.0) Dodging
 - Level 6.8(6.6) Stealth
 + Level 8.2(8.0) Spellcasting
 + Level 4.4(4.2) Conjurations
 + Level 8.0(7.8) Transmutations
 * Level 9.0(8.8) Earth Magic


You had 10 spell levels left.
You knew the following spells:

 Your Spells              Type           Power        Failure   Level
a - Sandblast             Erth           #####.       1%          1
b - Passwall              Tmut/Erth      #####...     1%          2
c - Stone Arrow           Conj/Erth      #####.       1%          3
d - Petrify               Tmut/Erth      #####...     2%          4
e - Lee's Rapid Deconstr  Erth           #####.....   6%          5

Your spell library contained the following spells:

 Spells                   Type           Power        Failure   Level


Dungeon Overview and Level Annotations

Branches:
Dungeon (8/15)             Temple (1/1) D:6
   Lair: D:8-11

Altars:
Ashenzari
Cheibriados
Dithmenos
Elyvilon
Fedhas
Gozag
Hepliaklqana
Kikubaaqudgha
Makhleb
Nemelex Xobeh
Okawaru
Qazlal
Ru
Sif Muna
Uskayaw
Vehumet
Xom
Yredelemnul
Zin
The Shining One

Shops:
D:4 [   D:6 [   D:8 =

Annotations:
D:2 1 runed translucent door, Crazy Yiuf, Terence
D:3 1 runed translucent door, Morgoth's ghost, amateur TeGl


Innate Abilities, Weirdness & Mutations

You are very small and have problems with some larger weapons.
You are too small for most types of armour.
You have supernaturally acute eyesight. (SInv)
You cover ground extremely quickly.


Message History

The centaur warrior wields a +0 shortbow.
The centaur warrior shoots an arrow.
The arrow hits you!
The centaur warrior unwields a +0 shortbow.
The centaur warrior hits you.
There is an open door here.
Things that are here:
a cursed +3 flail of freezing; a +0 robe; 17 gold pieces
Casting: Petrify (dangerous; 2% risk of failure)
Confirm with . or Enter, or press ? or * to list all spells.
Aiming: Petrify (dangerous; 2% risk of failure)
Press: ? - help, Shift-Dir - straight line, f/p - centaur warrior
Aim: a centaur warrior, quivering 21 arrows (chance to defeat MR: 51%)
The centaur warrior is moving more slowly.
The centaur warrior misses you.
You hit the centaur warrior but do no damage.
The centaur warrior closely misses you. The centaur warrior hits you!
* * * LOW HITPOINT WARNING * * *
You hit the centaur warrior but do no damage.
The centaur warrior is poisoned.
The centaur warrior hits you!
You die...

##.#.#.#.###.#..
####.#.#####....
#...#.#.###..#..
#.#.####..#.#..#..#.#.#
.........#.#...##..#..#
#######.#.#.....#..#..#
#...).#.#.#.#..#.#.#..#
#.###(#.#...##.##.....#
#.'.#.@c..#.##...#....#
#.###.#.#.#.##..##.#..#
#.....#†#.#..###. .....
#######.....#. ##...
...... ... ......# ..
#######


You could see a centaur warrior (petrifying, very poisoned).

Vanquished Creatures
  Maggie (D:6)
  Sigmund (D:3)
  Menkaure (D:5)
  Edmund (D:6)
  5 sky beasts
  A black bear (D:8)
  2 centaurs (D:6)
  6 ogres
  3 big kobolds
  4 bullfrogs
  Blork the orc (D:6)
  A gnoll sergeant (D:7)
  2 scorpions
  13 wights
  3 howler monkeys
  4 crimson imps (D:5)
  2 quasits (D:7)
  A bullfrog zombie (D:6)
  2 orc priests (D:4)
  3 bullfrog skeletons
  4 hounds
  A jelly (D:6)
  7 orc wizards
  2 iguanas
  6 worker ants
  A hound zombie (D:7)
  Robin (D:2)
  A worker ant zombie (D:8)
  8 gnolls
  14 adders
  A howler monkey skeleton (D:5)
  A shadow imp (D:8)
  2 ufetubi
  5 worms
  2 dart slugs
  4 leopard geckos
  35 orcs
  5 giant cockroaches
  19 goblins
  10 hobgoblins
  6 jackals
  22 kobolds
  4 quokkas
  8 bats
  4 frilled lizards
  A leopard gecko skeleton (D:4)
  A leopard gecko zombie (D:5)
  A quokka skeleton (D:5)
  A quokka zombie (D:7)
  7 rats
241 creatures vanquished.

Vanquished Creatures (others)
  4 fungi (D:4)
  13 plants
17 creatures vanquished.

Grand Total: 258 creatures vanquished

Notes
Turn   | Place    | Note
-------+----------+-------------------------------------------
     0 | D:1      | jasper the Spriggan Earth Elementalist began the quest for
                  | the Orb.
     0 | D:1      | Reached XP level 1. HP: 9/9 MP: 5/5
   290 | D:1      | Reached XP level 2. HP: 13/13 MP: 4/6
   334 | D:1      | Reached skill level 3 in Earth Magic
   887 | D:2      | Learned a level 2 spell: Passwall
   900 | D:2      | Reached XP level 3. HP: 16/16 MP: 5/8
   911 | D:2      | Learned a level 3 spell: Stone Arrow
  1260 | D:2      | Found a runed translucent door.
  1261 | D:2      | Noticed Crazy Yiuf
  1735 | D:2      | Reached XP level 4. HP: 21/21 MP: 7/10
  1761 | D:2      | Noticed Robin
  1834 | D:2      | Killed Robin
  2181 | D:2      | Noticed Terence
  2334 | D:3      | Found a runed translucent door.
  2334 | D:3      | Noticed Morgoth's ghost (amateur TeGl)
  2347 | D:3      | Learned a level 4 spell: Petrify
  2567 | D:3      | Reached XP level 5. HP: 20/24 MP: 8/11
  3138 | D:3      | Reached skill level 4 in Earth Magic
  3141 | D:3      | Noticed Sigmund
  3162 | D:3      | Killed Sigmund
  3162 | D:3      | Reached skill level 5 in Stealth
  3162 | D:3      | Reached XP level 6. HP: 17/28 MP: 1/13
  3586 | D:4      | Found a sacrificial altar of Ru.
  3635 | D:4      | Reached skill level 1 in Conjurations
  4418 | D:4      | Reached XP level 7. HP: 32/32 MP: 4/14
  4422 | D:4      | Reached skill level 5 in Earth Magic
  4863 | D:4      | Found a shadowy altar of Dithmenos.
  4897 | D:4      | Reached skill level 5 in Spellcasting
  4947 | D:4      | Learned a level 5 spell: Lee's Rapid Deconstruction
  4985 | D:4      | Found Awkirel's Armour Boutique.
  5366 | D:5      | Entered Level 5 of the Dungeon
  5502 | D:5      | Noticed Menkaure
  5755 | D:5      | Reached XP level 8. HP: 36/36 MP: 9/16
  6261 | D:5      | Killed Menkaure
  6261 | D:5      | Reached skill level 6 in Earth Magic
  6590 | D:5      | Found a shimmering altar of Xom.
  6877 | D:5      | Reached skill level 5 in Transmutations
  7393 | D:6      | Found an iron altar of Okawaru.
  7659 | D:6      | Reached skill level 7 in Earth Magic
  7907 | D:6      | Noticed Maggie
  7985 | D:6      | Reached XP level 9. HP: 39/39 MP: 8/19
  8181 | D:6      | Found a staircase to the Ecumenical Temple.
  8190 | Temple   | Entered the Ecumenical Temple
  8254 | Temple   | Became a worshipper of Ashenzari the Shackled
  8327 | D:6      | Found Peerih's Armour Shop.
  8335 | D:6      | Bought a scarf of harm for 108 gold pieces
  8335 | D:6      | Bought a +0 buckler for 54 gold pieces
  8354 | D:6      | Noticed Blork the orc
  8358 | D:6      | Killed Blork the orc
  8430 | D:6      | Noticed Edmund
  8454 | D:6      | Killed Edmund
  8728 | D:6      | Killed Maggie
  9107 | D:7      | Reached skill level 8 in Earth Magic
  9693 | D:7      | Found a shimmering blue altar of Sif Muna.
  9717 | D:7      | Found a sparkling altar of Nemelex Xobeh.
  9983 | D:7      | Found an ancient bone altar of Kikubaaqudgha.
 10120 | D:7      | Found an opulent altar of Gozag.
 10912 | D:8      | Noticed a centaur warrior
 10943 | D:8      | Found Jamexist's Jewellery Shop.
 10956 | D:8      | Reached * piety under Ashenzari
 10979 | D:8      | Reached XP level 10. HP: 44/44 MP: 10/23
 11651 | D:8      | Reached skill level 9 in Earth Magic
 11910 | D:8      | Slain by a centaur warrior

Illustrated notes

Levels and vault maps discovered:
D:1:      dpeg_arrival_tiny_i, layout_basic
D:2:      layout_loops_cross, serial_bayou_pond_d, uniq_robin, uniq_terence,
          uniq_crazy_yiuf_cottage
D:3:      layout_basic, gammafunk_ghost_grave, uniq_sigmund
D:4:      layout_basic, nicolae_overflow_crystal_walls,
          nicolae_ru_the_path_less_chosen, serial_shops, nicolae_shop_stone
D:5:      layout_loops_ring, led_xom_imps, uniq_menkaure
D:6:      layout_rooms, kennysheep_mini, minmay_temple_entry_wispy,
          minmay_shop_grid_forest, grunt_decor_clamped, uniq_edmund,
          uniq_maggie, uniq_blork_the_orc
D:7:      layout_loops_corners, nicolae_overflow_quartered_altars,
          chequers_ossuary_entry_cave
D:8:      layout_rooms, serial_shops, shop_fountains,
          chequers_hall_statues_corner_a, minmay_shattered_shrine
Temple:   regret_index_temple_waves

Skill      XL: |  1  2  3  4  5  6  7  8  9 10 |
---------------+-------------------------------+-----
Earth Magic    | 3 4 5 7 8 9 |  9.0
Spellcasting   | 3 4 5 6 8 |  8.2
Stealth        | 4 5 6 |  6.8
Dodging        | 4 |  4.2
Transmutations | 2 3 4 5 7 8 |  8.0
Conjurations   | 1 2 3 4 |  4.4

Action                   |  1- 3 |  4- 6 |  7- 9 | 10-12 || total
-------------------------+-------+-------+-------+-------++-------
Melee: Dagger            |    45 |   106 |   337 |    23 ||   511
Throw: Stone             |       |     1 |     2 |       ||     3
       Dart              |       |       |     5 |       ||     5
 Cast: Sandblast         |    46 |    83 |    21 |     9 ||   159
       Stone Arrow       |       |     1 |    86 |    27 ||   114
       Petrify           |       |       |     6 |     2 ||     8
       Lee's Rapid Decon |       |       |     6 |       ||     6
Invok: Curse Item        |       |       |     3 |       ||     3
Evoke: Wand              |       |       |     1 |       ||     1
  Use: Scroll            |       |     4 |     1 |     4 ||     9
 Stab: Sleeping          |     1 |     5 |     7 |       ||    13
       Distracted        |       |     1 |     2 |       ||     3
       Petrified         |       |       |    15 |       ||    15
       Petrifying        |       |       |     2 |       ||     2
Armor: Robe              |     6 |    16 |    54 |     3 ||    79
Dodge: Dodged            |    41 |   106 |   316 |    32 ||   495

Table legend: (Time is in decaauts)
 A = Elapsed time spent in this place.
 B = Non-inter-level travel time spent in this place.
 C = Inter-level travel time spent in this place.
 D = Time resting spent in this place.
 E = Time spent auto-exploring this place.
 F = Levels seen in this place.
 G = Mean time per level.
                   A        B        C        D        E       F      G
               +--------+--------+--------+--------+--------+-----+--------+
         Total |   9952 |   9859 |     93 |   2577 |   5535 |   9 | 1105.8 |
       Dungeon |   9891 |   9814 |     77 |   2577 |   5498 |   8 | 1236.4 |
        Temple |     61 |     45 |     16 |      0 |     37 |   1 |   61.0 |
               +--------+--------+--------+--------+--------+-----+--------+

Top non-repeatable levels by time:
     D:6: 1510 daAuts
     D:3: 1509 daAuts
     D:4: 1441 daAuts
     D:7: 1347 daAuts
     D:5: 1205 daAuts
     D:2: 1185 daAuts
     D:8: 1023 daAuts
     D:1: 667 daAuts
  Temple: 61 daAuts
